 Dungeon Crawl Stone Soup version 0.29.1-4-g47bece8355 (webtiles) character file.

Game seed: 8090756531223065016

2048 Dimz the Grappler (level 9, 0/75 HPs)
             Began as a Minotaur Berserker on Dec 11, 2022.
             Was a Priest of Trog.
             Slain by an orc warrior
             ... wielding a +0 halberd
              (14 damage)
             ... on level 9 of the Dungeon.
             The game lasted 00:27:41 (5855 turns).

Dimz the Grappler (Minotaur Berserker)              Turns: 5855, Time: 00:27:42

Health: 0/75       AC: 13    Str: 26    XL:     9   Next: 4%
Magic:  8/8        EV:  8    Int:  4    God:    Trog [***...]
Gold:   567        SH:  0    Dex: 10    Spells: 8/8 levels left

rFire   . . .      SeeInvis .     - Unarmed
rCold   . . .      Faith    .   (no shield)
rNeg    . . .      Spirit   .   b - +0 plate armour
rPois   .          Reflect  .   (helmet restricted)
rElec   .          Harm     .   (no cloak)
rCorr   .          Rampage  .   (no gloves)
Will    ++...                   (no boots)
Stlth   ..........              (no amulet)
HPRegen 1.22/turn               (no ring)
MPRegen 0.11/turn               (no ring)

@: strong-willed, on berserk cooldown, regenerating, slowed, very slow
A: horns 2, retaliatory headbutt
a: Renounce Religion, Berserk, Trog's Hand


You were on level 9 of the Dungeon.
You worshipped Trog.
Trog was most pleased with you.
You visited 1 branch of the dungeon, and saw 9 of its levels.

You collected 617 gold pieces.
You spent 50 gold pieces at shops.

Inventory:

Armour
 a - a +0 animal skin
 b - a +0 plate armour (worn)
Jewellery
 h - an amulet of the acrobat
Scrolls
 j - 2 scrolls of enchant weapon
 m - 2 scrolls of magic mapping
 n - a scroll of summoning {unknown}
 o - 2 scrolls of identify
 p - a scroll of enchant armour {unknown}
Potions
 c - a potion of magic
 d - 3 potions of heal wounds
 e - a potion of might
 f - a potion of haste {unknown}
 g - 3 potions of degeneration {unknown}
 i - a potion of brilliance {unknown}
 k - 3 potions of flight {unknown}
 l - 3 potions of curing
 q - a potion of attraction {unknown}


   Skills:
 + Level 6.1 Fighting
 + Level 8.3 Armour
 + Level 3.3 Dodging
 + Level 1.1 Stealth
 + Level 9.8 Unarmed Combat


You had 8 spell levels left.
You didn't know any spells.
Your spell library was empty.

Dungeon Overview and Level Annotations

Branches:
Dungeon (9/15)             Temple (0/1) D:6
   Lair: D:8-11         Orc: D:9-12

Altars:
Ashenzari
Dithmenos
Kikubaaqudgha
Trog
Uskayaw
Xom

Shops:
D:1 *


Innate Abilities, Weirdness & Mutations

You have a pair of horns on your head.
You reflexively headbutt those who attack you in melee.


Message History

Trog accepts your kill. Something hits you but does no damage.
The orc warrior hits you but does no damage.
Something hits you but does no damage. The orc warrior barely misses you.
You see here a +0 war axe.
You closely miss something. Something hits you but does no damage.
The orc warrior hits you but does no damage.
You hit something.
You hear some strange, mumbled words.
You are confused.
The orc warrior barely misses you. Something hits you but does no damage.
The orc warrior completely misses you.
You completely miss something. Your headbutt misses something.
Something hits you but does no damage.
The orc warrior hits you from afar with a +0 halberd.
You miss something. Your headbutt misses something.
Something hits you but does no damage.
The orc warrior hits you from afar with a +0 halberd.
* * * LOW HITPOINT WARNING * * *
You miss something. Something hits you but does no damage.
The orc warrior hits you but does no damage.
You closely miss something. Your headbutt misses something.
Your punch misses something.
You feel less confused.
An orc wizard appears from thin air!
Reactivating autopickup.
The orc wizard gestures at you while chanting.
The magic dart hits you.
* * * LOW HITPOINT WARNING * * *
The orc warrior hits you from afar with a +0 halberd.
* * * LOW HITPOINT WARNING * * *
The orc warrior barely misses you.
The orc wizard mumbles some strange words.
The orc wizard flickers and vanishes!
Deactivating autopickup; reactivate with Ctrl-A.
Your skin crawls.
You feel strong-willed. Something hits you but does no damage.
The orc warrior hits you from afar with a +0 halberd!
You die...

.## ######...
#.......####
#.!.....#..
.#+####.......'.
..............#
..............#
..............#
.#######){@...######
#o)..........
#............
#............
#............
+............
####............
.......<........
...........####.


You could see an orc warrior.

Vanquished Creatures
  A wyvern (D:4)
  2 black bears
  A sky beast (D:6)
  2 ogres
  A centaur (D:8)
  A phantom (D:4)
  A bullfrog (D:7)
  A gnoll sergeant (D:6)
  2 scorpions
  4 wights (D:6)
  2 orc priests
  3 jellies
  Crazy Yiuf (D:2)
  4 iguanas
  Jessica (D:3)
  6 orc wizards
  Natasha (thrice) (D:4)
  10 adders
  8 gnolls
  A white imp (D:6)
  A dart slug (D:1)
  30 orcs
  8 ball pythons
  4 bats
  7 endoplasms
  5 giant cockroaches
  11 goblins
  5 hobgoblins
  4 jackals (D:3)
  6 kobolds
  4 quokkas
  3 frilled lizards (D:3)
  5 rats
  A bush (D:2)
149 creatures vanquished.

Vanquished Creatures (others)
  A fungus (D:2)
1 creature vanquished.

Grand Total: 150 creatures vanquished

Notes
Turn   | Place    | Note
-------+----------+-------------------------------------------
     0 | D:1      | Dimz the Minotaur Berserker began the quest for the Orb.
     0 | D:1      | Reached XP level 1. HP: 19/19 MP: 0/0
     2 | D:1      | Noticed a merfolk
     2 | D:1      | Noticed a gargoyle
     4 | D:1      | Noticed a minotaur
     4 | D:1      | Noticed a human
     8 | D:1      | Noticed an octopode
     8 | D:1      | Noticed a felid
    10 | D:1      | Noticed an elf
    10 | D:1      | Noticed a demonspawn
    12 | D:1      | Noticed a spriggan
    12 | D:1      | Noticed a naga
    30 | D:1      | Noticed a formicid
    30 | D:1      | Noticed an ogre
    32 | D:1      | Noticed a vampire
    32 | D:1      | Noticed a ghoul
    34 | D:1      | Noticed a vine stalker
    36 | D:1      | Noticed a meteoran
    36 | D:1      | Noticed a tengu
    38 | D:1      | Noticed a troll
    38 | D:1      | Noticed a palentonga
    42 | D:1      | Noticed a demigod
    42 | D:1      | Noticed a human
    44 | D:1      | Noticed a felid
    44 | D:1      | Noticed a merfolk
    99 | D:1      | Reached XP level 2. HP: 4/27 MP: 1/1
  1029 | D:2      | Found a faded altar of an unknown god.
  1090 | D:2      | Reached XP level 3. HP: 33/33 MP: 2/2
  1336 | D:2      | Found a runed translucent door.
  1337 | D:2      | Noticed Crazy Yiuf
  1345 | D:2      | Killed Crazy Yiuf
  1346 | D:2      | Reached skill level 4 in Unarmed Combat
  1346 | D:2      | Reached XP level 4. HP: 13/41 MP: 3/3
  1650 | D:1      | Found Viram's General Store.
  1673 | D:1      | Bought a potion of heal wounds for 50 gold pieces
  1958 | D:3      | Noticed a +0 hand axe
  1959 | D:3      | Noticed a +0 hand axe
  1961 | D:3      | Found a hide-covered altar of Uskayaw.
  2239 | D:3      | Reached ** piety under Trog
  2240 | D:3      | Noticed Jessica
  2244 | D:3      | Reached XP level 5. HP: 47/47 MP: 4/4
  2253 | D:3      | Killed Jessica
  2254 | D:3      | Reached skill level 5 in Unarmed Combat
  2481 | D:3      | Reached skill level 1 in Stealth
  2548 | D:4      | Noticed Natasha
  2559 | D:4      | Killed Natasha
  2560 | D:4      | Reached skill level 5 in Fighting
  2575 | D:4      | Reached XP level 6. HP: 44/56 MP: 5/5
  2689 | D:4      | Reached skill level 6 in Unarmed Combat
  3087 | D:4      | Noticed a wyvern
  3094 | D:4      | Killed a wyvern
  3095 | D:4      | Reached XP level 7. HP: 61/61 MP: 6/6
  3169 | D:4      | Noticed Natasha
  3205 | D:4      | Killed Natasha
  3213 | D:4      | Reached skill level 5 in Armour
  3230 | D:4      | Reached skill level 7 in Unarmed Combat
  3743 | D:4      | Noticed Natasha
  3748 | D:4      | Killed Natasha
  3756 | D:4      | Found a faded altar of an unknown god.
  3756 | D:4      | Found an ancient bone altar of Kikubaaqudgha.
  3771 | D:4      | Found a broken altar of Ashenzari.
  3773 | D:4      | Found a bloodstained altar of Trog.
  3790 | D:4      | Found a shimmering altar of Xom.
  3993 | D:5      | Entered Level 5 of the Dungeon
  4001 | D:5      | Found a shadowy altar of Dithmenos.
  4073 | D:5      | Reached *** piety under Trog
  4074 | D:5      | Reached XP level 8. HP: 52/70 MP: 7/7
  4150 | D:5      | Reached skill level 8 in Unarmed Combat
  4668 | D:6      | Found a staircase to the Ecumenical Temple.
  4753 | D:6      | Reached skill level 9 in Unarmed Combat
  5584 | D:8      | Reached XP level 9. HP: 75/75 MP: 8/8
  5855 | D:9      | Slain by an orc warrior

Illustrated notes

Levels and vault maps discovered:
D:1:      kb_arrival_jail, layout_basic, serial_shops, shop_coins
D:2:      layout_basic, basic_ecumenical_altar, st_stairs_9, nrook_campfire,
          uniq_crazy_yiuf_cottage
D:3:      layout_rooms, dancing_weapons_uskayaw, minmay_misc_feat_ornament,
          uniq_jessica
D:4:      minmay_polygon_palace, layout_loops_ring,
          chequers_temple_overflow_minitemple, uniq_natasha
D:5:      layout_basic, kennysheep_slug_shrine, overflow_temple_1_default,
          grunt_dithmenos_smoke
D:6:      layout_loops_ring, minmay_temple_entry_overgrown
D:7:      layout_basic, serial_glass, glass_columns_c, glass_columns_b,
          glass_columns_b, glass_columns_a, due_unseen_surprise,
          minmay_strange_pillars, item_on_display_a,
          hangedman_decor_peaks_small, hangedman_abyss_or_decor_passed
D:8:      layout_layer_cave, uniq_maurice, uniq_amaemon
D:9:      layout_irregular_city, lair_entry_dummy,
          gammafunk_ghost_nasty_kobolds, uniq_grum

Skill      XL: |  1  2  3  4  5  6  7  8 |
---------------+-------------------------+-----
Fighting       | 4 5 6 |  6.1
Unarmed Combat | 4 5 6 7 9 |  9.8
Dodging        | 3 |  3.3
Armour         | 3 4 6 8 |  8.3
Stealth        | 1 |  1.1

Action                   |  1- 3 |  4- 6 |  7- 9 || total
-------------------------+-------+-------+-------++-------
Melee: Unarmed           |   112 |   116 |   206 ||   434
       Punch             |     5 |     1 |     5 ||    11
       Headbutt          |    18 |    19 |    29 ||    66
Invok: Berserk           |     5 |     4 |     8 ||    17
       Trog's Hand       |       |     1 |     2 ||     3
  Use: Scroll            |     4 |     5 |       ||     9
 Stab: Sleeping          |       |     1 |       ||     1
Armor: Animal skin       |    13 |     5 |       ||    18
       Plate armour      |       |    66 |   178 ||   244
Dodge: Dodged            |    26 |    47 |    94 ||   167
